 Dungeon Sprint DCSS version 0.22.1-1-ga44c0e56f4 (webtiles) character file.

811 MuseOD the Covert (level 7, 0/41 HPs)
             Began as a Spriggan Enchanter on Sept 25, 2018.
             Was an Elder of Dithmenos.
             Slain by a merfolk
             ... wielding a +0 trident
              (16 damage)
             ... in the Dungeon (Sprint V: "Ziggurat Sprint").
             The game lasted 00:03:28 (460 turns).

MuseOD the Covert (Spriggan Enchanter)               Turns: 460, Time: 00:03:29

Health: 0/41       AC:  2    Str:  4    XL:     7   Next: 61%
Magic:  9/12       EV: 19    Int: 24    God:    Dithmenos [****..]
Gold:   0          SH:  0    Dex: 23    Spells: 2/11 levels left

rFire    . . .     SeeInvis +   E - +5 quick blade (drain)
rCold    . . .     Gourm    .   (shield restricted)
rNeg     . . .     Faith    .   b - +0 robe
rPois    .         Spirit   .   (helmet restricted)
rElec    .         Reflect  .   (no cloak)
rCorr    .         Harm     .   (gloves unavailable)
MR       +....     NoTele   +   (boots unavailable)
Stlth    +++++++++.             (no amulet)
HPRegen  0.13/turn              z - +6 ring of dexterity
MPRegen  0.13/turn              A - +6 ring of intelligence

@: very slightly contaminated, wreathed by umbra, very quick
A: very small, unfitting armour, see invisible, herbivore, speed 3, slow
metabolism 2
a: Shadow Step, Renounce Religion


You were in the Dungeon.
You worshipped Dithmenos.
Dithmenos was greatly pleased with you.
You were not hungry.

You visited 1 branch

Inventory:

Hand Weapons
 E - a +5 quick blade of draining (weapon)
Armour
 b - a +0 robe (worn)
Jewellery
 a - a +2 ring of evasion
 z - a +6 ring of dexterity (left hand)
 A - a +6 ring of intelligence (right hand)
Wands
 v - a wand of disintegration (7)
 w - a wand of iceblast (5)
 x - a wand of acid (7)
Scrolls
 j - 3 scrolls of blinking
 m - a scroll of brand weapon
 p - 4 scrolls of amnesia
 q - 7 scrolls of fog
 r - a scroll of holy word
 s - 5 scrolls of identify
 t - 5 scrolls of remove curse
 u - 2 scrolls of fear
Potions
 c - 2 potions of brilliance
 e - 10 potions of curing
 f - 8 potions of heal wounds
 g - 6 potions of haste
 h - 6 potions of magic
 i - 2 potions of berserk rage
 k - 2 potions of invisibility
 l - 4 potions of resistance
 n - 5 potions of agility
 o - 5 potions of might
Comestibles
 d - 7 rations


   Skills:
 - Level 6.9 Fighting
 - Level 12.6 Short Blades
 - Level 3.0 Dodging
 + Level 13.2 Stealth
 + Level 2.6 Spellcasting
 + Level 3.6 Hexes
 - Level 4.0 Evocations


You had 2 spell levels left.
You knew the following spells:

 Your Spells              Type           Power        Failure   Level  Hunger
a - Corona                Hex            ###....      2%          1    None
b - Ensorcelled Hibernat  Hex/Ice        ##....       9%          2    ##.....
c - Confuse               Hex            ###.....     8%          3    ###....
d - Dazzling Spray        Conj/Hex       ##....       16%         3    ###....

Your spell library contained the following spells:

 Spells                   Type           Power        Failure   Level  Hunger
 Freeze                   Ice            #...         11%         1    None
 Throw Frost              Conj/Ice       #.....       17%         2    ##.....
 Tukima's Dance           Hex            ###.....     8%          3    ###....
 Ozocubu's Armour         Chrm/Ice       #.......     32%         3    ###....
 Summon Ice Beast         Ice/Summ       #.......     73%         4    ####...
 Summon Lightning Spire   Summ/Air       #.......     73%         4    ####...
 Throw Icicle             Conj/Ice       #.......     73%         4    ####...
 Silence                  Hex/Air        ##........   83%         5    ######.
 Conjure Ball Lightning   Conj/Air       #.........   100%        6    #######
 Deflect Missiles         Chrm/Air       #.........   100%        6    #######
 Tornado                  Air            #.........   100%        9    #######


Dungeon Overview and Level Annotations

Branches:
Dungeon (1/1)

Altars:
Ashenzari
Cheibriados
Dithmenos
Elyvilon
Fedhas
Gozag
Hepliaklqana
Kikubaaqudgha
Makhleb
Nemelex Xobeh
Okawaru
Qazlal
Ru
Sif Muna
Trog
Uskayaw
Vehumet
Wu Jian
Xom
Yredelemnul
Zin
The Shining One
Beogh
Jiyva
Lugonu

Annotations:
D 1 transporter


Innate Abilities, Weirdness & Mutations

You are very small and have problems with some larger weapons.
You are too small for most types of armour.
You have supernaturally acute eyesight. (SInv)
You are a herbivore.
You cover ground extremely quickly.
You need to consume almost no food.


Message History

The merfolk is lightly wounded.
The spray of energy misses the merfolk.
The spray of energy hits the merfolk.
The merfolk is lightly wounded.
The merfolk completely misses you. Magic courses through your body.
The merfolk barely misses you. The merfolk misses you.
The merfolk hits you but does no damage.
Casting: Dazzling Spray (safe; 16% risk of failure)
Confirm with . or Enter, or press ? or * to list all spells.
Aiming: Dazzling Spray (safe; 16% risk of failure)
Press: ? - help, Shift-Dir - straight line, f/p - merfolk
Aim: a merfolk, wielding a trident (lightly wounded, umbra)
The spray of energy hits the merfolk.
The merfolk is lightly wounded.
The merfolk is dazzled.
The spray of energy hits the merfolk.
The merfolk is lightly wounded.
The spray of energy misses the merfolk. x2; The merfolk closely misses you.
The merfolk misses you.
The merfolk hits you from afar with a trident! x2
You die...

▓..©..▓..©..▓▓▓▓▓▓▓
▓▓▓▓▓▓▓▓▓▓▓▓▓▓▓▓▓▓▓
▓..8©8...▓..8©8...▓
▓..).....▓..[)[...▓
▓..[)....▓..).=...▓
▓........▓....m...▓
▓........▓..mmmm..▓
▓.▓....▓.▓........▓
▓...©....▓...@....▓
▓▓▓▓▓▓▓▓▓▓▓▓▓▓▓▓▓▓▓


You could see 5 merfolk.

Vanquished Creatures
  A rime drake (D)
  3 steam dragons (D)
  A hell hound (D)
  A quasit (D)
  A shadow imp (D)
  A white imp (D)
  3 orcs (D)
  2 bat skeletons (D)
13 creatures vanquished.

Notes
Turn   | Place    | Note
-------+----------+-------------------------------------------
     0 | D        | Found the +6 Majin-Bo {vamp, Archmagi MP+6 Int+6}
     0 | D        | Found the +7 great mace "Firestarter" {inner flame, rF++}
     0 | D        | MuseOD the Spriggan Enchanter began the quest for the Orb.
     0 | D        | Reached XP level 1. HP: 9/9 MP: 5/5
     0 | D        | Found a deep blue altar of Sif Muna.
     0 | D        | Found a bloodstained altar of Trog.
     0 | D        | Found a sacrificial altar of Ru.
     0 | D        | Found a stormy altar of Qazlal.
     0 | D        | Found an iron altar of Okawaru.
     2 | D        | Found a sparkling altar of Nemelex Xobeh.
     2 | D        | Found a blossoming altar of Fedhas.
     4 | D        | Found a transporter.
     4 | D        | Found an ancient bone altar of Kikubaaqudgha.
     4 | D        | Found a viscous altar of Jiyva.
     4 | D        | Found a corrupted altar of Lugonu.
     4 | D        | Found a hazy altar of Hepliaklqana.
     4 | D        | Found a burning altar of Makhleb.
     4 | D        | Found an opulent altar of Gozag.
    35 | D        | Became a worshipper of Dithmenos the Shadowed
    36 | D        | Reached skill level 5 in Short Blades
    36 | D        | Reached skill level 6 in Stealth
    36 | D        | Reached XP level 2. HP: 16/16 MP: 6/6
    40 | D        | Learned a level 2 spell: Ensorcelled Hibernation
    48 | D        | Entered arena 2.
    48 | D        | Noticed a hell hound
    48 | D        | Found a transporter.
    50 | D        | Reached skill level 7 in Stealth
    50 | D        | Reached XP level 3. HP: 20/20 MP: 8/8
    50 | D        | Killed a hell hound
    50 | D        | Reached * piety under Dithmenos
    50 | D        | Reached skill level 9 in Stealth
    50 | D        | Reached XP level 4. HP: 25/25 MP: 9/9
    50 | D        | Reached XP level 5. HP: 29/29 MP: 10/10
    60 | D        | Learned a level 3 spell: Confuse
    64 | D        | Learned a level 3 spell: Dazzling Spray
    66 | D        | Entered arena 3.
    66 | D        | Found a transporter.
   125 | D        | Entered arena 4.
   125 | D        | Found a transporter.
   130 | D        | Reached ** piety under Dithmenos
   140 | D        | Reached *** piety under Dithmenos
   359 | D        | Entered arena 5.
   359 | D        | Noticed a steam dragon
   359 | D        | Noticed a rime drake
   359 | D        | Noticed a steam dragon
   359 | D        | Noticed a steam dragon
   359 | D        | Found a transporter.
   368 | D        | Killed a rime drake
   368 | D        | Reached skill level 5 in Fighting
   368 | D        | Reached skill level 11 in Stealth
   368 | D        | Reached XP level 6. HP: 36/36 MP: 1/11
   371 | D        | Killed a steam dragon
   371 | D        | Reached skill level 12 in Stealth
   371 | D        | Reached XP level 7. HP: 40/40 MP: 2/12
   374 | D        | Killed a steam dragon
   376 | D        | Killed a steam dragon
   376 | D        | Reached **** piety under Dithmenos
   376 | D        | Reached skill level 13 in Stealth
   454 | D        | Entered arena 6.
   454 | D        | Noticed a merfolk
   454 | D        | Noticed a merfolk
   454 | D        | Noticed a merfolk
   454 | D        | Noticed a merfolk
   454 | D        | Noticed a merfolk
   454 | D        | Found a transporter.
   460 | D        | Slain by a merfolk

Skill      XL: |  1  2  3  4  5  6  7 |
---------------+----------------------+-----
Fighting       | 2 3 4 5 6 |  6.9
Short Blades   | 5 6 8 11 12 | 12.6
Stealth        | 6 7 9 11 12 13 | 13.2
Evocations     | 4 |  4.0
Dodging        | |  3.0
Spellcasting   | |  2.6
Hexes          | |  3.6

Action                   |  1- 3 |  4- 6 |  7- 9 || total
-------------------------+-------+-------+-------++-------
Melee: Quick blade       |       |    19 |     5 ||    24
 Cast: Dazzling Spray    |       |     4 |     3 ||     7
       Ensorcelled Hiber |       |     3 |       ||     3
       Confuse           |       |     1 |       ||     1
Evoke: Wand              |     1 |     1 |       ||     2
  Use: Potion            |     1 |     3 |     1 ||     5
       Scroll            |       |     2 |       ||     2
 Stab: Invisible         |       |     2 |       ||     2
       Confused          |       |     1 |       ||     1
Armor: Robe              |       |     3 |       ||     3
Dodge: Dodged            |       |    29 |     9 ||    38
